 Dungeon Crawl Stone Soup version 0.29.1-15-g9cfb28693d (webtiles) character file.

Game seed: 2061409753157527104

25 owoPain the Ruffian (level 2, 0/29 HPs)
             Began as a Troll Berserker on Nov 5, 2022.
             Was a Believer of Trog.
             Slain by a gnoll
             ... wielding a +0 flail
              (4 damage)
             ... on level 2 of the Dungeon on Feb 24, 2023.
             The game lasted 00:01:58 (459 turns).

owoPain the Ruffian (Troll Berserker)                Turns: 459, Time: 00:01:59

Health: 0/29       AC:  4    Str: 24    XL:     2   Next: 82%
Magic:  1/1        EV: 10    Int:  3    God:    Trog [**....]
Gold:   59         SH:  0    Dex:  9    Spells: 1/1 levels left

rFire   . . .      SeeInvis .   c - +1 dagger (protect)
rCold   . . .      Faith    .   (no shield)
rNeg    . . .      Spirit   .   a - +0 animal skin
rPois   .          Reflect  .   (helmet restricted)
rElec   .          Harm     .   (no cloak)
rCorr   .          Rampage  .   (gloves unavailable)
Will    .....                   (boots unavailable)
Stlth   +.........              (no amulet)
HPRegen 0.89/turn               (no ring)
MPRegen 0.07/turn               (no ring)

@: lethally poisoned (0 -> -1)
A: large, unfitting armour, claws 3, regeneration 1, shaggy fur 1, tough skin 1
a: Renounce Religion, Berserk, Trog's Hand


You were on level 2 of the Dungeon.
You worshipped Trog.
Trog was pleased with you.
You visited 1 branch of the dungeon, and saw 2 of its levels.

You collected 59 gold pieces.

Inventory:

Hand Weapons
 c - a +1 dagger of protection (weapon)
 d - a +0 club
 i - a +0 dagger
Armour
 a - a +0 animal skin (worn)
 e - a +0 ring mail
Scrolls
 b - a scroll of teleportation {unknown}
 f - a scroll of brand weapon {unknown}
 g - a scroll of amnesia {unknown}
 h - a scroll of identify {unknown}


   Skills:
 + Level 2.6 Fighting
 + Level 0.4 Short Blades
 + Level 2.7 Dodging
 + Level 3.4 Unarmed Combat


You had one spell level left.
You didn't know any spells.
Your spell library contained the following spells:

 Spells                   Type           Power      Damage    Failure   Level
 Chain Lightning          Conj/Air       0%         N/A       100%        9
 Fire Storm               Conj/Fire      0%         5d1       100%        9
 Shatter                  Erth           0%         3d5*      100%        9


Dungeon Overview and Level Annotations

Branches:
Dungeon (2/15)

Altars:


Innate Abilities, Weirdness & Mutations

You are too large for most types of armour.
You have claws for hands.
Your natural rate of healing is unusually fast.
You are covered in fur. (AC +1)
You have tough skin. (AC +1)


Message History

You shout for attention!
A kobold comes into view. It is wielding a +0 short sword.
The kobold shouts!
You hear a shout!
The adder bites you but does no damage.
You closely miss the adder. The adder closely misses you.
A gnoll comes into view. It is wielding a +0 spear.
You miss the adder. Your claw misses the adder. The adder barely misses you.
You miss the adder.
The adder bites you but does no damage. x2
A gnoll comes into view. It is wielding a +0 flail.
You barely miss the adder.
The gnoll shouts!
The adder barely misses you. The kobold completely misses you.
The kobold barely misses you. The adder attacks as you move away!
The adder closely misses you.
A gnoll comes into view. It is wielding a +0 spear.
The gnoll shouts!
The adder bites you.
You are poisoned.
The adder poisons you! The gnoll hits you with a +0 spear.
The kobold hits you with a +0 short sword.
The gnoll moves out of view.
You closely miss the kobold.
You feel sick. The adder bites you.
The kobold hits you with a +0 short sword.
The gnoll closely misses you.
You barely miss the kobold. You claw the kobold.
You kill the kobold!
Trog accepts your kill.
You feel sick. The adder barely misses you. The gnoll hits you with a +0 spear.
A ball python comes into view.
You feel sick.
The ball python hisses angrily.
The adder bites you.
* * * LOW HITPOINT WARNING * * *
The gnoll hits you from afar with a +0 spear.
* * * LOW HITPOINT WARNING * * *
The gnoll closely misses you.
Things that are here:
a +0 short sword; a kobold corpse The gnoll attacks as you move away!
The gnoll hits you with a +0 flail.
You die...

. # ..# .#
...##########..#
S..g.........#
#gg........
#..@...#
#..S...#
#.....##
#.<....#
#......#
#......#
#.........
.......###
#######.#


You could see 3 gnolls, an adder and a ball python.

Vanquished Creatures
  A dart slug (D:1)
  2 ball pythons (D:1)
  3 endoplasms (D:1)
  2 goblins (D:1)
  2 hobgoblins (D:1)
  2 bats (D:1)
  2 frilled lizards (D:1)
  5 kobolds
  4 rats (D:1)
23 creatures vanquished.

Notes
Turn   | Place    | Note
-------+----------+-------------------------------------------
     0 | D:1      | owoPain the Troll Berserker began the quest for the Orb.
     0 | D:1      | Reached XP level 1. HP: 22/22 MP: 0/0
   142 | D:1      | Reached XP level 2. HP: 26/29 MP: 1/1
   335 | D:1      | Upgraded the game from 0.29.1-2-gbd0b4ee654 to
                  | 0.29.1-15-g9cfb28693d
   361 | D:1      | Reached ** piety under Trog
   459 | D:2      | Slain by a gnoll

Illustrated notes

Levels and vault maps discovered:
D:1:      lightli_arrival_maybe_door_vault, layout_basic
D:2:      layout_basic, basic_altar, minmay_tripent

Action                   || total
-------------------------++-------
Melee: Unarmed           ||    14
       Dagger            ||    69
       Punch             ||     2
Armor: Animal skin       ||    46
Dodge: Dodged            ||    58
